 Dungeon Crawl Stone Soup version 0.15.2 (webtiles) character file.

91 TeamPepega the Ruffian (level 4, -1/37 HPs)
             Began as a Mummy Monk on Dec 27, 2019.
             Killed from afar by Sigmund (15 damage)
             ... with a wand of flame
             ... on Level 2 of the Dungeon.
             The game lasted 00:12:45 (5088 turns).

TeamPepega the Ruffian (Mummy Monk)                 Turns: 5088, Time: 00:12:45

HP  -1/37        AC  0     Str 15      XL: 4   Next: 34%
MP   4/4         EV 13     Int  9      God:
Gold 88          SH  0     Dex 14      Spells:  0 memorised,  3 levels left

rFire  x . .     SeeInvis .       - Unarmed
rCold  + . .     Clarity  .     (no armour)
rNeg   + + +     rCorr    .     (no shield)
rPois  +         rRot     +     (no helmet)
rElec  .         Spirit   .     (no cloak)
SustAb .         Warding  .     (no gloves)
rMut   .         Stasis   .     (no boots)
Gourm  .                        (no amulet)
MR     .....                    (no ring)
                                (no ring)

@: not resistant to hostile enchantments, unstealthy
A: no food or potions, fire vulnerability, restore body, cold resistance 1,
negative energy resistance 3, poison resistance, torment resistance, unbreathing
a: no special abilities


You were on level 2 of the Dungeon.
You were not hungry.

You visited 1 branch of the dungeon, and saw 2 of its levels.

You collected 88 gold pieces.

Inventory:

Armour
 a - a +0 robe
Scrolls
 b - a scroll of enchant armour {unknown}
 c - 2 scrolls of identify {unknown}
 d - a scroll of immolation {unknown}
 e - a scroll of blinking {unknown}
 i - a scroll of teleportation {unknown}
 m - a scroll of noise {unknown}
Potions
 f - a potion of cancellation {unknown}
 g - 2 potions of curing {unknown}
 h - a potion of beneficial mutation {unknown}
 k - a potion of agility {unknown}
 l - a potion of heal wounds {unknown}


   Skills:
 * Level 3.7 Fighting
 + Level 2.8 Dodging
 - Level 2.0 Stealth
 * Level 4.0 Unarmed Combat


You had 3 spell levels left.
You didn't know any spells.

Dungeon Overview and Level Annotations

Branches:
Dungeon (2/15)

Altars:

Annotations:
D:2 Sigmund


Innate Abilities, Weirdness & Mutations

You do not eat or drink.
Your flesh is vulnerable to fire.
Your flesh is cold resistant.
You are immune to negative energy.
Your system is resistant to poisons.
You are immune to unholy pain and torment.
You can survive without breathing.


Message History

Key pressed, stopping explore.
Found a hand axe.
Found a stone.
You see here a leather armour.
Found a whip.
A goblin comes into view.
The goblin moves out of view.
The goblin is too close now for your liking.
A goblin is nearby!
A goblin is nearby!
A goblin is nearby!
A goblin is nearby!
You closely miss the goblin. The goblin misses you.
You barely miss the goblin. The goblin barely misses you.
You hit the goblin.
You kill the goblin!
No target in view!
No target in view!
Found 17 arrows.
Found a short sword.
You see here 17 arrows.
Found 18 bolts of penetration and a stone.
There is an open door here.
Found a stone.
Found a stone.
Found a staircase leading out of the dungeon.
Found a dagger.
You see here a hunting sling.
Key pressed, stopping explore.
Found 2 stones.
Key pressed, stopping explore.
You see here 17 arrows.
Found 14 stones.
You see here 14 stones.
You see here a short sword.
Done exploring.
Done exploring.
Done exploring.
Done exploring.
Done exploring.
Done exploring.
Done exploring.
(D) Dungeon
Where to? (? - help)
You see here a club.
There is a stone staircase leading down here.
You climb downwards.
Level annotation: Sigmund
There is a stone staircase leading up here.
j - a black potion
h - a slimy white potion
f - a bubbling white potion An adder comes into view.
Found a hunting sling.
An adder is nearby!
An adder is nearby!
Tossing away (i - inventory):
j - a black potion (quivered)
Press: ? - help, Shift-Dir - straight line, f - adder
Aim: an adder You toss away a black potion.
The black potion barely misses the adder.
A kobold comes into view.
The adder completely misses you.
You hit the adder.
The adder is moderately wounded.
The kobold shouts!
The adder misses you. The adder barely misses you.
You hit the adder but do no damage.
The adder is moderately wounded.
The adder closely misses you.
You closely miss the adder.
The adder is moderately wounded.
The adder barely misses you.
You miss the adder. You punch the adder.
The adder is severely wounded.
The adder closely misses you.
You hit the adder but do no damage.
The adder is severely wounded.
The adder closely misses you. x2
You barely miss the adder.
The adder is severely wounded.
The kobold misses you. The adder bites you.
You hit the adder.
The adder is almost dead.
The adder bites you. The kobold hits you.
You hit the adder.
You kill the adder!
Your Unarmed Combat skill increases to level 4!
The kobold hits you.
You hit the kobold but do no damage. The kobold closely misses you.
You completely miss the kobold. The kobold misses you.
You closely miss the kobold. Sigmund hits you but does no damage.
The kobold barely misses you.
Sigmund zaps a wand.
The puff of flame hits you! The fire burns you terribly!
Sigmund mumbles some strange words.
Sigmund flickers and vanishes!
Deactivating autopickup; reactivate with Ctrl-A.
You hear a zap.
The puff of flame hits you! The fire burns you terribly!
You die...

.. #.# #.####.#.# ..!.####.#
###..# #.#.# ..........##
#####...## #....
##...#####.....## ##.##.
####...............# #..##.
#..........##.....## #..##.
.).##.(.....#...##.######..##.
...............................
...###...##.K@#########..#.##.
. .#...#..#%...#####..##.##.
#..........##.......###.##.
#...........#####....##.##.
..#..........# ##.#.##.###
#..........#####.#.##.###
#.................<......
#.>........#####.#.)..###
.........># ###.###..##


You could see a kobold.

Vanquished Creatures
  4 adders (D:2)
  2 giant geckos
  2 ball pythons (D:2)
  5 bats
  A giant cockroach (D:2)
  10 goblins (D:1)
  7 hobgoblins
  9 kobolds
  A giant newt (D:2)
  A quokka (D:2)
  7 rats
49 creatures vanquished.

Notes
Turn   | Place    | Note
--------------------------------------------------------------
     0 | D:1      | TeamPepega, the Mummy Monk, began the quest for the Orb.
     0 | D:1      | Reached XP level 1. HP: 18/18 MP: 1/1
   327 | D:1      | Reached XP level 2. HP: 10/24 MP: 2/2
  2212 | D:1      | Reached XP level 3. HP: 25/29 MP: 3/3
  3993 | D:2      | Noticed Sigmund
  4396 | D:2      | Reached XP level 4. HP: 33/36 MP: 4/4
  5078 | D:2      | Reached skill level 4 in Unarmed Combat
  5088 | D:2      | Killed from afar by Sigmund

Action                   |  1- 3 |  4- 6 || total
-------------------------+-------+-------++-------
Melee: Unarmed           |   148 |    24 ||   172
